 Dungeon Crawl Stone Soup version 0.29.0-15-g675c0067aa (webtiles) character file.

Game seed: 6694216277643501952

166 qw the Sneak (level 5, -1/32 HPs)
             Began as a Gargoyle Delver on Sept 11, 2022.
             Constricted to death by Ijyb (3 damage)
             ... on level 3 of the Dungeon.
             The game lasted 00:01:28 (3355 turns).

qw the Sneak (Gargoyle Delver)                      Turns: 3355, Time: 00:01:28

Health: -1/32      AC:  9    Str: 18    XL:     5   Next: 47%
Magic:  5/5        EV:  8    Int:  8    God:
Gold:   172        SH:  0    Dex: 11    Spells: 4/4 levels left

rFire   . . .      SeeInvis .   Y - +0 hand axe
rCold   . . .      Faith    .   (no shield)
rNeg    + . .      Spirit   .   b - +0 leather armour
rPois   inf        Reflect  .   (no helmet)
rElec   +          Harm     .   (no cloak)
rCorr   .          Rampage  .   (no gloves)
Will    .....                   i - +1 pair of boots
Stlth   +++.......              (no amulet)
HPRegen 0.10/turn               (no ring)
MPRegen 0.09/turn               (no ring)

@: grasped by roots, constricted
A: sickness immunity, AC +4, negative energy resistance 1, electricity
resistance, torment resistance 1, petrification resistance, dopey 1
a: no special abilities


You were on level 3 of the Dungeon.
You visited 1 branch of the dungeon, and saw 5 of its levels.

You collected 172 gold pieces.


Innate Abilities, Weirdness & Mutations

You are immune to sickness and miasma.
Your stone body is resilient. (AC +4)
You are immune to poison.
You resist negative energy. (rN+)
You are resistant to electric shocks. (rElec)
You are resistant to unholy torment.
You are immune to petrification.
You are dopey. (Int -2)


   Skills:
 - Level 3.2 Fighting
 - Level 5.0 Axes
 + Level 0.0 Throwing
 - Level 1.5 Dodging
 - Level 5.4 Stealth


You had 4 spell levels left.
You didn't know any spells.
Your spell library was empty.

Inventory:

Hand Weapons
 k - a +0 flail
 Y - a +0 hand axe (weapon)
Missiles
 c - 2 silver boomerangs (quivered)
Armour
 b - a +0 leather armour (worn)
 i - a +1 pair of boots (worn)
 m - a +0 ring mail
 q - a +0 scale mail
Wands
 g - a wand of digging (3)
Scrolls
 a - a scroll of teleportation {unknown}
 d - a scroll of identify
 j - 2 scrolls of enchant weapon {unknown}
 n - a scroll of vulnerability {unknown}
Potions
 e - a potion of ambrosia {unknown}
 f - a potion of haste
 h - a potion of resistance {unknown}
 l - a potion of might
 o - a potion of magic {unknown}
 p - a potion of flight {unknown}

Dungeon Overview and Level Annotations

Branches:
Dungeon (5/15)
 Temple: D:4-7

Altars:
Xom

Annotations:
D:3 Ijyb


Message History

Ijyb shouts!
There is an open door here.
Ijyb zaps a wand.
The roots erupt in riotous growth!
The grasping roots grab you! The grasping roots constrict you.
The roots grasp on you weakens, but your attempt to escape fails.
Ijyb screams, "Level is mine!
All mine!"
The grasping roots constrict you.
The grasping roots release their grip on you.
Ijyb zaps a wand.
The roots erupt in riotous growth!
The grasping roots grab you!
Ijyb is unaffected.
The grasping roots constrict you.
You hit Ijyb.
Ijyb is lightly wounded.
Ijyb hits you but does no damage. The grasping roots constrict you.
You barely miss Ijyb.
Ijyb is lightly wounded.
Ijyb completely misses you. The grasping roots constrict you.
You closely miss Ijyb.
Ijyb is lightly wounded.
Ijyb hits you but does no damage. The grasping roots constrict you.
The grasping roots release their grip on you.
You closely miss Ijyb.
Ijyb is lightly wounded.
Ijyb zaps a wand.
The roots erupt in riotous growth!
The grasping roots grab you!
Ijyb is unaffected.
The grasping roots constrict you!
You barely miss Ijyb.
Ijyb is lightly wounded.
Ijyb barely misses you. The grasping roots constrict you.
The grasping roots release their grip on you.
You hit Ijyb but do no damage.
Ijyb is lightly wounded.
Ijyb zaps a wand.
The roots erupt in riotous growth!
The grasping roots grab you!
Ijyb is unaffected.
The grasping roots constrict you.
You hit Ijyb but do no damage.
Ijyb is lightly wounded.
Ijyb closely misses you. The grasping roots constrict you.
You die...

####### ......# #######
......# ######......#
......# #.......).. ......#
#........ ......# #....g.#
......######....@.##
...........#.......#
.......###.#####'#.#
####...###.##....#.#######
...)...................>)..#
####.#.#.#.##.##..|####.##.#
.....#.#.#.#...#.######.##.#
.....'...#...#.#........##.#
.....#<#####.#.#######..##.#


You could see Ijyb.

Vanquished Creatures
  2 orc wizards (D:3)
  6 adders
  3 dart slugs
  7 orcs (D:3)
  6 ball pythons
  4 endoplasms
  3 giant cockroaches
  3 goblins
  6 hobgoblins
  4 quokkas
  A bat (D:1)
  A frilled lizard (D:1)
  3 kobolds
  4 rats
53 creatures vanquished.

Vanquished Creatures (others)
  5 toadstools (D:1)
5 creatures vanquished.

Grand Total: 58 creatures vanquished

Notes
Turn   | Place    | Note
-------+----------+-------------------------------------------
     0 | D:5      | qw the Gargoyle Delver began the quest for the Orb.
     0 | D:5      | Reached XP level 1. HP: 14/14 MP: 1/1
     0 | D:5      | 0 ||| qw: Version: 0.1-a-118-gb4e7ce6
     0 | D:5      | 0 ||| qw: Game counter: 10504
     0 | D:5      | 0 ||| qw: Always use a shield: true
     0 | D:5      | 0 ||| qw: God list: Okawaru
     0 | D:5      | 0 ||| qw: Allow faded altars: false
     0 | D:5      | 0 ||| qw: Do Orc after D:15 true
     0 | D:5      | 0 ||| qw: Do second Lair branch before Depths: true
     0 | D:5      | 0 ||| qw: Lair rune preference: random
     0 | D:5      | 0 ||| qw: Plans: Normal
     0 | D:5      | 0 ||| PLANNING D:1-11
    17 | D:5      | 17 ||| DROPPING scroll of fog.
    18 | D:5      | 18 ||| DROPPING scroll of magic mapping.
    19 | D:5      | 19 ||| DROPPING scroll of fear.
    43 | D:4      | 43 ||| Stepping ~*~*~tactically~*~*~ (stealth).
    44 | D:4      | 44 ||| Stepping ~*~*~tactically~*~*~ (stealth).
    47 | D:4      | 47 ||| Stepping ~*~*~tactically~*~*~ (stealth).
    48 | D:4      | 48 ||| Stepping ~*~*~tactically~*~*~ (stealth).
    50 | D:4      | 50 ||| Stepping ~*~*~tactically~*~*~ (stealth).
    52 | D:4      | 52 ||| Stepping ~*~*~tactically~*~*~ (stealth).
    54 | D:4      | 54 ||| Stepping ~*~*~tactically~*~*~ (stealth).
    57 | D:4      | 57 ||| Stepping ~*~*~tactically~*~*~ (stealth).
    61 | D:4      | 61 ||| Stepping ~*~*~tactically~*~*~ (stealth).
    62 | D:4      | 62 ||| Stepping ~*~*~tactically~*~*~ (stealth).
   185 | D:4      | 185 ||| READING scroll labelled OQIOCSEUDAI.
   186 | D:4      | 186 ||| READING 2 scrolls labelled FUAMI ZIPUABI.
   194 | D:4      | 194 ||| FLEEEEING.
   195 | D:4      | 195 ||| STAIRDANCE
   235 | D:3      | 235 ||| Stepping ~*~*~tactically~*~*~ (stealth).
   244 | D:3      | 244 ||| Stepping ~*~*~tactically~*~*~ (stealth).
   246 | D:3      | 246 ||| Stepping ~*~*~tactically~*~*~ (stealth).
   248 | D:3      | 248 ||| Stepping ~*~*~tactically~*~*~ (stealth).
   250 | D:3      | 250 ||| Stepping ~*~*~tactically~*~*~ (stealth).
   252 | D:3      | 252 ||| Stepping ~*~*~tactically~*~*~ (stealth).
   257 | D:3      | Reached XP level 2. HP: 15/19 MP: 2/2
   350 | D:3      | 350 ||| Stepping ~*~*~tactically~*~*~ (stealth).
   351 | D:3      | 351 ||| Stepping ~*~*~tactically~*~*~ (stealth).
   354 | D:3      | 354 ||| Stepping ~*~*~tactically~*~*~ (stealth).
   356 | D:3      | 356 ||| Stepping ~*~*~tactically~*~*~ (stealth).
   374 | D:3      | 374 ||| FLEEEEING.
   375 | D:3      | 375 ||| FLEEEEING.
   376 | D:3      | 376 ||| FLEEEEING.
   377 | D:3      | 377 ||| FLEEEEING.
   378 | D:3      | 378 ||| FLEEEEING.
   379 | D:3      | 379 ||| FLEEEEING.
   380 | D:3      | 380 ||| FLEEEEING.
   381 | D:3      | 381 ||| STAIRDANCE
   383 | D:2      | 383 ||| READING scroll labelled HERICU MIESE.
   481 | D:1      | Reached skill level 3 in Axes
   860 | D:1      | Reached XP level 3. HP: 20/23 MP: 3/3
  1179 | D:1      | 1179 ||| DROPPING +0 club.
  1440 | D:1      | 1440 ||| Stepping ~*~*~tactically~*~*~ (hiding).
  1676 | D:1      | 1676 ||| READING scroll labelled JORHUASIYL.
  1677 | D:1      | 1677 ||| READING scroll labelled GIEREUMATU.
  1678 | D:1      | 1678 ||| DRINKING 2 golden potions.
  1678 | D:1      | Gained mutation: You occasionally lose the ability to drink
                  | potions when taking damage. [potion of mutation]
  1678 | D:1      | Gained mutation: You are partially covered in iridescent
                  | scales. (AC +2) [potion of mutation]
  1679 | D:1      | 1679 ||| DRINKING potion of mutation.
  1679 | D:1      | Lost mutation: You are partially covered in iridescent
                  | scales. (AC +2) [potion of mutation]
  1679 | D:1      | Lost mutation: You occasionally lose the ability to drink
                  | potions when taking damage. [potion of mutation]
  1679 | D:1      | Gained mutation: Your spells are a little easier to cast,
                  | but a little less powerful. [potion of mutation]
  1679 | D:1      | Gained mutation: You are dopey. (Int -2) [potion of
                  | mutation]
  1679 | D:1      | Lost mutation: Your spells are a little easier to cast, but
                  | a little less powerful. [potion of mutation]
  1680 | D:1      | 1680 ||| DRINKING 2 bubbling red potions.
  1681 | D:1      | 1681 ||| READING 2 scrolls of identify.
  1681 | D:1      | 1681 ||| IDENTIFYING fuming sapphire potion
  1770 | D:2      | 1770 ||| Stepping ~*~*~tactically~*~*~ (stealth).
  1778 | D:2      | 1778 ||| FLEEEEING.
  1780 | D:2      | 1780 ||| FLEEEEING.
  1781 | D:2      | 1781 ||| FLEEEEING.
  1855 | D:2      | 1855 ||| Stepping ~*~*~tactically~*~*~ (stealth).
  2250 | D:2      | Reached XP level 4. HP: 28/28 MP: 4/4
  2417 | D:2      | 2417 ||| Stepping ~*~*~tactically~*~*~ (stealth).
  2418 | D:2      | 2418 ||| Stepping ~*~*~tactically~*~*~ (stealth).
  2489 | D:2      | Found a faded altar of an unknown god.
  2494 | D:2      | 2494 ||| UPGRADING to +0 pair of boots.
  2499 | D:2      | 2499 ||| READING scroll of enchant armour.
  2499 | D:2      | 2499 ||| ENCHANTING +0 pair of boots.
  2500 | D:2      | 2500 ||| READING scroll labelled IDEUS WUURI.
  2501 | D:2      | 2501 ||| DRINKING 2 blue potions.
  2651 | D:3      | 2651 ||| Stepping ~*~*~tactically~*~*~ (stealth).
  2793 | D:3      | Found a shimmering altar of Xom.
  2835 | D:3      | HP: 7/28 [orc/+0 trident (3)]
  2836 | D:3      | 2836 ||| DRINKING 2 potions of heal wounds.
  2839 | D:3      | HP: 2/28 [orc/+0 trident (4)]
  2840 | D:3      | 2840 ||| DRINKING potion of heal wounds.
  2843 | D:3      | Reached XP level 5. HP: 20/32 MP: 5/5
  3022 | D:3      | 3022 ||| DROPPING +0 mace.
  3133 | D:3      | 3133 ||| Stepping ~*~*~tactically~*~*~ (hiding).
  3135 | D:3      | 3135 ||| Stepping ~*~*~tactically~*~*~ (hiding).
  3136 | D:3      | 3136 ||| Stepping ~*~*~tactically~*~*~ (hiding).
  3156 | D:3      | 3156 ||| DRINKING potion of curing.
  3156 | D:3      | 3156 ||| (to cure confusion)
  3344 | D:3      | Noticed Ijyb
  3352 | D:3      | HP: 7/32 [constriction (7)]
  3353 | D:3      | HP: 3/32 [constriction (4)]
  3354 | D:3      | HP: 1/32 [constriction (2)]
  3355 | D:3      | Constricted to death by Ijyb

Levels and vault maps discovered:
D:1:      ldierk_walled_garden, layout_basic, minmay_misc_feat_cross
D:2:      layout_loops_ring, hellmonk_ecumenical_altar_inner_sanctum
D:3:      layout_basic, xom_teletrap_fun, uniq_ijyb
D:4:      layout_loops_ring, mainiacjoe_overflow_tiny_flanked,
          kennysheep_okawaru_gauntlet, lemuel_coloured_pillars_altar
D:5:      layout_loops_ring, nzn_overflow_gifts_of_might_and_magic

Skill      XL: |  1  2  3  4  5 |
---------------+----------------+-----
Axes           | 2 3 4 5 |  5.0
Fighting       | |  3.2
Dodging        | |  1.5
Stealth        | |  5.4

Action                   |  1- 3 |  4- 6 || total
-------------------------+-------+-------++-------
Melee: Hand axe          |   131 |    98 ||   229
  Use: Scroll            |     6 |     2 ||     8
       Potion            |     3 |     4 ||     7
 Stab: Sleeping          |     5 |     2 ||     7
       Distracted        |     1 |       ||     1
Armor: Leather armour    |    42 |    58 ||   100
Dodge: Dodged            |    74 |    55 ||   129

Table legend:
 A = Non-vault XP
 B = Vault XP
 C = Vault XP percentage of total XP
 D = Non-vault monster count
 E = Vault monster count
 F = Vault count percentage of total count
                 A         B        C        D         E       F
            +---------+---------+-------+---------+---------+-------
      Total |     238 |       0 |   0.0 |      53 |       0 |   0.0
            +---------+---------+-------+---------+---------+-------
        D:1 |      25 |       0 |   0.0 |      14 |       0 |   0.0
        D:2 |      43 |       0 |   0.0 |      12 |       0 |   0.0
        D:3 |     166 |       0 |   0.0 |      25 |       0 |   0.0
        D:4 |       4 |       0 |   0.0 |       2 |       0 |   0.0
            +---------+---------+-------+---------+---------+-------
